 Dungeon Crawl Stone Soup version 0.17-a0-1184-gb75be8f (webtiles) character file.

102851 nubinia the Thaumaturge (level 16, -12/75 HPs)
             Began as a Vine Stalker Conjurer on May 30, 2015.
             Was the Champion of Sif Muna.
             Shot with a bolt by a naga sharpshooter (17 damage)
             ... led by Vashnia
             ... on level 2 of the Snake Pit on June 1, 2015.
             The game lasted 05:32:09 (32541 turns).

nubinia the Thaumaturge (Vine Stalker Conjurer)    Turns: 32541, Time: 05:32:09

Health: -12/75     AC: 25    Str: 12    XL:     16   Next: 34%
Magic:  0/43       EV: 23    Int: 20    God:    Sif Muna [******]
Gold:   1618       SH:  5    Dex: 20    Spells: 14 memorised, 3 levels left

rFire  + + .     SeeInvis .     b - +4 trident (protect)
rCold  + + .     Clarity  .     V - +1 robe of the Original Sin {rElec rN+ MR+ Dex+3}
rNeg   + . .     SustAt   .     y - +0 buckler
rPois  +         Gourm    .     (helmet restricted)
rElec  +         Spirit   +     w - +1 cloak of Beckis {rElec rC+ MR+ rCorr}
rCorr  +         Warding  .     J - +3 pair of gauntlets of War {Slay+5}
rMut   .         Stasis   .     P - +2 pair of boots of the Duchess {rF++ Regen+ MP+9 Dex-4}
MR     ++++.                    (no amulet)
Stlth  +++++.....               F - +3 ring of dexterity
                                e - +4 ring of evasion

@: icy armour, incredibly resistant to hostile enchantments, quite stealthy
A: antennae 1, fangs 3, hooves 1, thin skeletal structure 1, cold resistance 1,
poison resistance, regeneration 3, magic shield, antimagic bite, no device heal
3, rot immunity
a: Channel Energy, Forget Spell, Renounce Religion


You were on level 2 of the Snake Pit.
You worshipped Sif Muna.
Sif Muna was exalted by your worship.
You were not hungry.

You visited 4 branches of the dungeon, and saw 26 of its levels.
You also visited: Labyrinth, Ossuary and Ice Cave.

You collected 3254 gold pieces.
You spent 1636 gold pieces at shops.

Inventory:

Hand weapons
 b - a +4 trident of protection (weapon)
 C - a +0 blowgun
Missiles
 L - 5 curare-tipped needles
Armour
 h - a +1 helmet
 q - the +3 leather armour of Proximity {+Blink rPois rF- rN+++}
   (You found it on level 1 of the Snake Pit)

   It makes you vulnerable to fire.
   It protects you from poison.
   It renders you almost immune to negative energy.
   It lets you blink.
 w - the +1 cloak of Beckis (worn) {rElec rC+ MR+ rCorr}
   (You found it on level 5 of the Dungeon)

   It protects you from cold.
   It insulates you from electricity.
   It affects your resistance to hostile enchantments.
   It protects you from acid and corrosion.
 y - a +0 buckler (worn)
 E - the +0 pair of gloves "Jappatib" {rN+}
   (You found it on level 7 of the Lair of Beasts)

   It protects you from negative energy.
 J - the +3 pair of gauntlets of War (worn) {Slay+5}
   (You bought it in a shop on level 4 of the Orcish Mines)

   It affects your accuracy and damage with ranged weapons and melee attacks
   (+5).
 P - the +2 pair of boots of the Duchess (worn) {rF++ Regen+ MP+9 Dex-4}
   (You bought it in a shop on level 1 of the Orcish Mines)

   It affects your dexterity (-4).
   It greatly protects you from fire.
   It affects your magic capacity (+9).
   It increases your rate of regeneration.
 V - the +1 robe of the Original Sin (worn) {rElec rN+ MR+ Dex+3}
   (You found it on level 4 of the Lair of Beasts)

   It affects your dexterity (+3).
   It insulates you from electricity.
   It protects you from negative energy.
   It affects your resistance to hostile enchantments.
Rods
 Q - a +0 rod of destruction (9/9)
   (You found it on level 4 of the Orcish Mines)
Jewellery
 a - an uncursed amulet of warding
 e - a +4 ring of evasion (left hand)
 g - an uncursed ring of see invisible
 u - an uncursed amulet of clarity
 F - a +3 ring of dexterity (right hand)
 G - an uncursed ring of teleportation
 K - an uncursed amulet of stasis
 U - an uncursed ring of stealth
Magical devices
 d - a wand of teleportation (2)
 o - a wand of digging (9)
 A - a wand of draining (8)
 D - a wand of teleportation (9)
 M - a wand of cold (6)
 N - a wand of draining (8)
 R - a wand of fireball (4)
 S - a wand of enslavement (11)
 T - a wand of paralysis (14)
 Z - a wand of invisibility (4)
Scrolls
 f - 2 scrolls of amnesia
 k - 3 scrolls of magic mapping
 r - 2 scrolls of identify
 v - 14 scrolls of remove curse
 I - 3 scrolls of recharging
Potions
 i - a potion of flight
 l - 3 potions of brilliance
 m - 3 potions of berserk rage
 s - 3 potions of might
 z - 10 potions of curing
 B - 2 potions of resistance
 W - a potion of ambrosia
 Y - a potion of agility
Books
 p - Sif Muna's Incunabulum of Feathery Conjuration
   (Sif Muna gifted it to you on level 2 of the Snake Pit)

   Spells                             Type                      Level
   a - Magic Dart                     Conjuration                  1
   b - Shock                          Conjuration/Air              1
   c - Irradiate                      Conjuration/Transmutation    5
   d - Conjure Ball Lightning         Conjuration/Air              6
   e - Delayed Fireball               Conjuration/Fire             7
 t - Sif Muna's Grimoire of Aid
   (Sif Muna gifted it to you on level 4 of the Orcish Mines)

   Spells                             Type                      Level
   a - Song of Slaying                Charms                       2
   b - Swiftness                      Charms/Air                   2
   c - Regeneration                   Charms/Necromancy            3
 x - a book of Geomancy

   Spells                             Type                      Level
   a - Sandblast                      Earth                        1
   b - Stoneskin                      Transmutation/Earth          2
   c - Passwall                       Transmutation/Earth          3
   d - Stone Arrow                    Conjuration/Earth            3
   e - Petrify                        Transmutation/Earth          4
   f - Lee's Rapid Deconstruction     Earth                        5
Comestibles
 c - 15 bread rations
 j - 6 meat rations
 n - 30 fruits
 O - a slice of pizza


   Skills:
 + Level 4.7 Fighting
 + Level 6.0 Polearms
 + Level 8.4 Dodging
 + Level 10.6 Stealth
 + Level 2.2 Shields
 * Level 13.9 Spellcasting
 * Level 13.2 Conjurations
 * Level 8.8 Hexes
 + Level 9.5 Charms
 + Level 0.2 Fire Magic
 * Level 7.2 Ice Magic
 + Level 1.2 Air Magic
 + Level 0.2 Poison Magic
 - Level 6.0 Invocations
 + Level 0.5 Evocations


You had 3 spell levels left.
You knew the following spells:

 Your Spells              Type           Power        Failure   Level  Hunger
a - Magic Dart            Conj           ####         1%          1    None
b - Dazzling Spray        Conj/Hex       ######..     1%          3    None
c - Confuse               Hex            #####...     1%          3    None
d - Iskenderun's Mystic   Conj           ######..     1%          4    None
e - Conjure Flame         Conj/Fire      #####...     1%          3    None
f - Ensorcelled Hibernat  Hex/Ice        #####.       1%          2    None
g - Freeze                Ice            ####         1%          1    None
h - Cause Fear            Hex            #####.....   1%          4    None
i - Iskenderun's Battles  Conj/Chrm      ######..     1%          5    ####...
j - Mephitic Cloud        Conj/Pois/Air  ####....     2%          3    None
k - Swiftness             Chrm/Air       #####...     1%          2    None
l - Regeneration          Chrm/Necr      ####......   2%          3    None
o - Ozocubu's Armour      Chrm/Ice       #####...     1%          3    None
r - Repel Missiles        Chrm/Air       #####.       1%          2    None


Dungeon Overview and Level Annotations

Branches:
Dungeon (11/15)            Temple (0/1) D:7            Lair (8/8) D:9
  Swamp (0/4) Lair:3        Snake (3/4) Lair:5        Slime (0/6) Lair:8
    Orc (4/4) D:10            Elf (0/3) Orc:3

Altars:
Elyvilon
Kikubaaqudgha
Makhleb
Nemelex Xobeh
Okawaru
Qazlal
Sif Muna
Trog
Vehumet
Yredelemnul
The Shining One
Beogh

Shops:
D:6 }   D:8 ?   Orc:1 [   Orc:4 [([(   Snake:3 [

Annotations:
Lair:5 Donald
Snake:2 Vashnia
Orc:4 Saint Roka


Innate Abilities, Weirdness & Mutations

You have razor-sharp teeth.
You regenerate.
When hurt, damage is shared between your health and your magic reserves.
Your bite disrupts and absorbs the magic of your enemies.
Potions and wands cannot restore your health.
You are immune to rotting.
You have a pair of small antennae on your head.
You have large cloven feet.
You have a somewhat thin skeletal structure (Dex +2, Stealth).
Your flesh is cold resistant.
Your system is resistant to poisons.


Message History

Level annotation: Vashnia
There is a stone staircase leading down here.
You see here 3 silver bolts.
The naga sharpshooter casts a spell.
The naga sharpshooter magically shoots a bolt.
The bolt hits you!!
* * * LOW HITPOINT WARNING * * *
The naga sharpshooter unwields an uncursed trident.
The naga sharpshooter wields an arbalest.
The naga sharpshooter shoots a bolt.
The bolt hits you.
* * * LOW HITPOINT WARNING * * *
You see here 3 bolts.
Read which item? (? for menu, Esc to quit)
Okay, then.
Drink which item? (? for menu, Esc to quit)
Okay, then.
The naga sharpshooter gestures wildly while chanting.
The naga sharpshooter magically shoots a bolt.
The bolt hits you!
You die...

#..# #.....(.# ##..... #.##
#.....(## ##.... ##.#
#...((## ##... #.## #."...#
##.. ##.# #....## #.. #..#
#.((.# ##. #.## #(..########
## #.# #...##.....## .##
#...@(...>..## .# ##
#............## .# ##.#
##.(...........## ## ##...
#...............# #
##....##...............## #
#.....N.................## #
#..?..(....#..........<..#
#...........#......N....N.##
....(N......##.............#


You could see 2 naga sharpshooters.

Vanquished Creatures
  Kirke (Snake:1)
  A greater naga (Snake:3)
  Aizul (Snake:2)
  Snorg (Orc:4)
  A minotaur (Lab)
  4 hydras
  Harold (D:10)
  6 naga warriors
  The ghost of 4thArraOfDagon the Basher, an experienced CeGl of Cheibriados (D:10)
  6 orc high priests (Orc:4)
  2 anacondas
  13 death yaks
  A naga sharpshooter (Snake:2)
  Sonja (D:10)
  5 orc sorcerers (Orc:4)
  An oklob plant (Lair:8)
  5 orc knights
  3 mana vipers
  2 griffons (Lair:8)
  3 salamanders
  24 elephants
  A sixfirhy (Orc:4)
  Maurice (D:8)
  A centaur zombie (D:10)
  Psyche (D:9)
  2 torpor snails (Lair:7)
  14 black mambas
  4 guardian serpents
  12 spiny frogs
  9 komodo dragons
  5 naga magi
  2 spriggan druids (Lair:8)
  4 wandering mushrooms
  14 polar bears
  2 minotaur zombies (Lab)
  3 fire drakes
  6 trolls
  18 blink frogs
  3 two-headed ogres (Orc:4)
  11 spriggans
  37 yaks
  4 redbacks
  2 basilisks
  14 hippogriffs
  2 hungry ghosts (D:10)
  26 wolves
  The ghost of HEYYEYAAE the Gusty, an average HuAE (D:3)
  12 nagas
  7 wargs
  12 porcupines
  20 water moccasins
  36 orc warriors
  3 ice beasts
  A sky beast (D:9)
  9 black bears
  3 phantoms
  A swamp drake (D:10)
  2 wasps
  29 ogres
  3 centaurs
  A necrophage (D:8)
  17 crocodiles
  2 big kobolds
  20 giant frogs
  10 killer bees
  A water moccasin skeleton (D:8)
  10 scorpions
  A wyvern skeleton (D:8)
  4 wights (D:7)
  2 electric eels
  3 crimson imps
  A giant frog skeleton (D:10)
  9 hounds
  14 iguanas
  2 jellies
  A human zombie (Ossuary)
  2 centaur skeletons
  32 orc priests
  3 worker ants
  A quasit (D:6)
  35 orc wizards
  6 big kobold zombies (Ossuary)
  22 sheep
  4 mummies
  3 hound skeletons
  4 gnolls (D:5)
  4 adders
  60 river rats
  4 shadow imps
  3 oozes
  An adder zombie (D:10)
  3 worms
  4 giant geckos
  257 orcs
  4 ball pythons
  16 bats
  3 bat skeletons
  A bat zombie (D:5)
  7 giant cockroaches
  3 gnoll zombies (Ossuary)
  26 hobgoblins
  13 jackals
  18 kobolds
  2 giant gecko skeletons
  4 giant newts
  28 goblins
  2 goblin zombies (Ossuary)
  A hobgoblin zombie (D:7)
  4 kobold zombies
  3 orc zombies (Ossuary)
  4 quokkas
  A quokka skeleton (D:7)
  13 rats
  A butterfly (Lair:4)
  8 fungi
  2 plants
1130 creatures vanquished.

Vanquished Creatures (collateral kills)
  A naga mage (Snake:1)
  An orc warrior (Orc:4)
2 creatures vanquished.

Vanquished Creatures (others)
  A yak (IceCv)
  2 humans (Snake:2)
  2 wolves (IceCv)
  A scorpion (Ossuary)
  A giant frog skeleton (D:8)
  9 fungi
  20 plants
36 creatures vanquished.

Grand Total: 1168 creatures vanquished

Notes
Turn   | Place    | Note
--------------------------------------------------------------
     0 | D:1      | nubinia the Vine Stalker Conjurer began the quest for the Orb.
     0 | D:1      | Reached XP level 1. HP: 9/9 MP: 4/4
   131 | D:1      | Reached XP level 2. HP: 13/13 MP: 4/6
   466 | D:1      | Reached XP level 3. HP: 12/16 MP: 2/7
   471 | D:1      | Learned a level 3 spell: Dazzling Spray
  1521 | D:2      | Reached XP level 4. HP: 21/21 MP: 4/8
  1890 | D:2      | Found a burning altar of Makhleb.
  1892 | D:2      | Found a deep blue altar of Sif Muna.
  1901 | D:2      | Became a worshipper of Sif Muna the Loreminder
  1904 | D:2      | Found an ancient bone altar of Kikubaaqudgha.
  1905 | D:2      | Found a white marble altar of Elyvilon.
  1909 | D:2      | Found an iron altar of Okawaru.
  2127 | D:3      | Reached skill level 1 in Hexes
  2296 | D:3      | Noticed HEYYEYAAE's ghost (average HuAE)
  2317 | D:2      | Noticed an ogre
  2326 | D:2      | Killed an ogre
  2326 | D:2      | Reached skill level 5 in Conjurations
  2326 | D:2      | Reached XP level 5. HP: 24/24 MP: 1/10
  2333 | D:2      | Learned a level 5 spell: Iskenderun's Battlesphere
  2856 | D:3      | Killed HEYYEYAAE's ghost
  2856 | D:3      | Gained mutation: You heal very quickly. [Vine Stalker growth]
  2856 | D:3      | Reached XP level 6. HP: 12/29 MP: 4/12
  3334 | D:4      | Reached skill level 1 in Charms
  3788 | D:4      | Acquired Sif Muna's first power
  3788 | D:4      | Reached XP level 7. HP: 32/32 MP: 5/14
  4137 | D:5      | Entered Level 5 of the Dungeon
  4180 | D:5      | Got a bloodstained cloak
  4186 | D:5      | Identified the +1 cloak of Beckis {rElec rC+ MR+ rCorr} (You found it on level 5 of the Dungeon)
  4359 | D:5      | Learned a level 4 spell: Iskenderun's Mystic Blast
  4396 | D:5      | Reached skill level 6 in Conjurations
  4843 | D:6      | Found a bloodstained altar of Trog.
  5052 | D:6      | Found Oneush's Quality Used Wands.
  5498 | D:6      | Reached skill level 5 in Spellcasting
  5498 | D:6      | Gained mutation: You have razor-sharp teeth. [Vine Stalker growth]
  5498 | D:6      | Reached XP level 8. HP: 37/37 MP: 16/16
  6035 | D:7      | Reached skill level 1 in Polearms
  6100 | D:7      | Found a sand-covered staircase.
  6108 | Ossuary  | Entered an ossuary
  6145 | Ossuary  | Acquired Sif Muna's second power
  6145 | Ossuary  | Reached skill level 5 in Stealth
  6267 | Ossuary  | Reached skill level 1 in Fighting
  6270 | Ossuary  | Reached skill level 7 in Conjurations
  6665 | Ossuary  | Gained mutation: Your flesh is cold resistant. [potion of mutation]
  6665 | Ossuary  | Gained mutation: Your body sometimes deteriorates upon taking damage. [potion of mutation]
  6724 | D:7      | Reached skill level 5 in Charms
  6724 | D:7      | Reached XP level 9. HP: 38/41 MP: 12/18
  6750 | D:7      | Found a staircase to the Ecumenical Temple.
  7014 | D:7      | Found a sparkling altar of Nemelex Xobeh.
  8210 | D:8      | Reached skill level 8 in Charms
  8391 | D:8      | Found Jeank's Magic Scroll Emporium.
  8419 | D:8      | Acquired Sif Muna's third power
  8447 | D:8      | Gained mutation: Your system is resistant to poisons. [potion of mutation]
  8447 | D:8      | Gained mutation: You are dopey. (Int -2) [potion of mutation]
  8447 | D:8      | Gained mutation: Your body often deteriorates upon taking damage. [potion of mutation]
  8448 | D:8      | Lost mutation: You are dopey. (Int -2) [potion of cure mutation]
  8448 | D:8      | Lost mutation: Your body often deteriorates upon taking damage. [potion of cure mutation]
  8448 | D:8      | Lost mutation: Your body sometimes deteriorates upon taking damage. [potion of cure mutation]
  8448 | D:8      | Lost mutation: Your flesh is cold resistant. [potion of cure mutation]
  8811 | D:8      | Found a stormy altar of Qazlal.
  9021 | D:8      | Reached XP level 10. HP: 45/45 MP: 19/19
  9135 | D:8      | Noticed Maurice
  9175 | D:8      | Killed Maurice
  9431 | D:9      | Found a glowing golden altar of the Shining One.
  9440 | D:9      | Found a basalt altar of Yredelemnul.
 10203 | D:9      | Noticed Psyche
 10536 | D:9      | Reached XP level 11. HP: 51/51 MP: 4/23
 10576 | D:9      | Killed Psyche
 10729 | D:9      | Found a staircase to the Lair.
 10762 | D:9      | Got an ichor-stained spear
 10763 | D:9      | Identified the +6 spear of the Dwarven Hall {antimagic, +Blink rC++ Dex-2 SInv} (You found it on level 9 of the Dungeon)
 10894 | D:9      | Found a sparkling altar of Nemelex Xobeh.
 11072 | D:9      | Noticed an angel
 11119 | Lair:1   | Entered Level 1 of the Lair of Beasts
 11125 | Lair:1   | Found a frozen archway.
 11135 | IceCv    | Entered an ice cave
 11146 | IceCv    | Reached skill level 5 in Dodging
 11273 | IceCv    | Noticed an ice statue
 11359 | Lair:1   | Found a labyrinth entrance.
 11371 | Lab      | Entered a labyrinth
 11459 | Lab      | Noticed a minotaur
 11466 | Lab      | Killed a minotaur
 11470 | Lab      | Identified Aseu's Catalogue of Mutagenic Calling (You found it in a labyrinth)
 11635 | Lair:1   | Upgraded the game from 0.17-a0-1176-g3d5a0d0 to 0.17-a0-1181-gabc46e6
 12032 | Lair:1   | Reached skill level 1 in Invocations
 12895 | Lair:1   | Received a gift from Sif Muna
 12896 | Lair:1   | Identified Sif Muna's Secret Knowledge in Simple Steps (Sif Muna gifted it to you on level 1 of the Lair of Beasts)
 12901 | Lair:1   | Learned a level 3 spell: Ozocubu's Armour
 12918 | Lair:2   | Reached skill level 9 in Conjurations
 13225 | Lair:2   | Gained mutation: You regenerate. [Vine Stalker growth]
 13225 | Lair:2   | Reached XP level 12. HP: 44/56 MP: 10/25
 13915 | Lair:3   | Noticed a seven-headed hydra
 13944 | Lair:3   | Killed a seven-headed hydra
 13973 | Lair:3   | Reached skill level 1 in Ice Magic
 14258 | Lair:3   | Found a staircase to the Swamp.
 15105 | Lair:4   | Reached skill level 10 in Conjurations
 15354 | Lair:4   | Got a brightly glowing robe
 15365 | Lair:4   | Identified the +1 robe of the Original Sin {rElec rN+ MR+ Dex+3} (You found it on level 4 of the Lair of Beasts)
 15701 | Lair:5   | Noticed a death yak
 15716 | Lair:5   | Killed a death yak
 15718 | Lair:5   | Noticed a death yak
 15881 | Lair:5   | Found a staircase to the Snake Pit.
 15941 | Lair:5   | Received a gift from Sif Muna
 15941 | Lair:5   | Reached skill level 10 in Spellcasting
 15942 | Lair:5   | Identified Sif Muna's Incunabulum of Bewitchment (Sif Muna gifted it to you on level 5 of the Lair of Beasts)
 15947 | Lair:5   | Learned a level 3 spell: Confuse
 16255 | Lair:5   | Killed a death yak
 16590 | Lair:5   | Reached skill level 5 in Invocations
 16590 | Lair:5   | Reached XP level 13. HP: 60/60 MP: 12/28
 16954 | Lair:6   | Noticed a death yak
 17069 | Lair:5   | Killed a death yak
 17327 | Lair:6   | Gained mutation: You are clumsy. (Dex -2) [potion of mutation]
 17327 | Lair:6   | Gained mutation: You have large cloven feet. [potion of mutation]
 17327 | Lair:6   | Lost mutation: You are clumsy. (Dex -2) [potion of mutation]
 17436 | Lair:6   | You fall through a shaft for 2 floors!
 17436 | Lair:8   | Entered Level 8 of the Lair of Beasts
 17508 | Lair:8   | Reached skill level 5 in Hexes
 17844 | Lair:6   | Reached skill level 5 in Polearms
 18295 | Lair:7   | Reached skill level 11 in Spellcasting
 18946 | Lair:7   | Learned a level 3 spell: Conjure Flame
 19228 | Lair:7   | Received a gift from Sif Muna
 19284 | Lair:7   | Learned a level 2 spell: Ensorcelled Hibernation
 19378 | Lair:7   | Got a pair of polished gloves
 19389 | Lair:7   | Identified the +0 pair of gloves "Jappatib" {rN+} (You found it on level 7 of the Lair of Beasts)
 19519 | Lair:7   | Reached XP level 14. HP: 40/65 MP: 24/30
 20783 | Lair:8   | Reached skill level 12 in Spellcasting
 21159 | Lair:8   | Reached skill level 5 in Ice Magic
 21191 | Lair:8   | Received a gift from Sif Muna
 21195 | Lair:8   | Learned a level 1 spell: Freeze
 21217 | Lair:8   | Found a staircase to the Slime Pits.
 21909 | D:10     | Entered Level 10 of the Dungeon
 21958 | D:10     | Reached skill level 1 in Shields
 22048 | Lair:1   | Learned a level 4 spell: Cause Fear
 22395 | D:10     | Noticed Harold
 22416 | D:10     | Killed Harold
 22554 | D:10     | Noticed Sonja
 22559 | D:10     | Killed Sonja
 22835 | D:10     | Noticed 4thArraOfDagon's ghost (experienced CeGl)
 23179 | D:10     | Found a staircase to the Orcish Mines.
 23237 | Orc:1    | Entered Level 1 of the Orcish Mines
 23444 | Orc:1    | Found Kiwoon's Antique Armour Shop.
 23452 | Orc:1    | Bought a pair of scorched boots for 237 gold pieces
 23457 | Orc:1    | Identified the +2 pair of boots of the Duchess {rF++ Regen+ MP+9 Dex-4} (You bought it in a shop on level 1 of the Orcish Mines)
 23738 | Orc:1    | Reached XP level 15. HP: 70/70 MP: 15/32
 23900 | Orc:2    | Found a radiant altar of Vehumet.
 23977 | Orc:2    | Reached skill level 10 in Stealth
 24355 | Orc:3    | Found a staircase to the Elven Halls.
 25607 | Orc:4    | Entered Level 4 of the Orcish Mines
 26168 | Orc:4    | Identified a +0 rod of destruction (9/9) (You found it on level 4 of the Orcish Mines)
 26320 | Orc:4    | Learned a level 2 spell: Repel Missiles
 26326 | Orc:4    | Learned a level 3 spell: Mephitic Cloud
 26568 | Orc:4    | Found a roughly hewn altar of Beogh.
 26599 | Orc:4    | Found Vor Caho's Weapon Emporium.
 26761 | Orc:4    | Found Zumam's Antique Armour Shoppe.
 26769 | Orc:4    | Bought a runed helmet for 117 gold pieces
 27032 | Orc:4    | Noticed Snorg
 27041 | Orc:4    | Killed Snorg
 27132 | Orc:4    | Noticed Saint Roka
 27162 | Orc:4    | Received a gift from Sif Muna
 27162 | Orc:4    | Reached skill level 13 in Spellcasting
 27163 | Orc:4    | Identified Sif Muna's Grimoire of Aid (Sif Muna gifted it to you on level 4 of the Orcish Mines)
 27172 | Orc:4    | Learned a level 2 spell: Swiftness
 27176 | Orc:4    | Learned a level 3 spell: Regeneration
 27871 | Orc:4    | Found a roughly hewn altar of Beogh.
 28121 | Orc:4    | Found Ycagopo's Antique Weapon Shoppe.
 28241 | Orc:4    | Found Siag's Antique Armour Emporium.
 28254 | Orc:4    | Bought the +3 pair of gauntlets of War {Slay+5} for 1282 gold pieces
 28545 | Orc:4    | Upgraded the game from 0.17-a0-1181-gabc46e6 to 0.17-a0-1184-gb75be8f
 28756 | D:10     | Killed 4thArraOfDagon's ghost
 28756 | D:10     | Reached skill level 1 in Air Magic
 29529 | Snake:1  | Entered Level 1 of the Snake Pit
 29683 | Snake:1  | Noticed Donald
 30049 | Snake:1  | Got a bloodstained leather armour
 30050 | Snake:1  | Identified the +3 leather armour of Proximity {+Blink rPois rF- rN+++} (You found it on level 1 of the Snake Pit)
 30144 | Snake:1  | Gained mutation: Your flesh is cold resistant. [potion of mutation]
 30144 | Snake:1  | Gained mutation: You have a pair of small antennae on your head. [potion of mutation]
 30144 | Snake:1  | Gained mutation: You have a somewhat thin skeletal structure (Dex +2, Stealth). [potion of mutation]
 30456 | Snake:2  | Noticed Aizul
 30469 | Snake:2  | Killed Aizul
 30469 | Snake:2  | Reached XP level 16. HP: 67/75 MP: 3/34
 30492 | Snake:2  | Noticed Vashnia
 30771 | Snake:2  | Noticed Kirke
 30785 | Snake:1  | Killed Kirke
 31188 | Snake:2  | Received a gift from Sif Muna
 31189 | Snake:2  | Identified Sif Muna's Incunabulum of Feathery Conjuration (Sif Muna gifted it to you on level 2 of the Snake Pit)
 32183 | Snake:3  | Found Cuirch's Antique Armour Boutique.
 32541 | Snake:2  | Shot with a bolt by a naga sharpshooter

Vault maps used:
D:1:      roderic_dead_forest, minmay_quantized
D:2:      minitemple
D:4:      first_bread
D:6:      lemuel_crystal_altar, nicolae_for_you_no_charge
D:7:      nicolae_overflow_crystal_walls, minmay_temple_entry_statues_pillars,
          nicolae_ossuary_entry_giza
D:8:      lemuel_doored_altar, serial_shops, shop, grunt_ogre_cave, uniq_maurice
D:9:      grunt_temple_overflow_holy_war, dpeg_lair_monsters,
          nemelex_spade_bored_becter, uniq_psyche
D:10:     erik_orc_1, uniq_sonja, uniq_harold
Lair:1:   portal_ice_cave_entry_pillars_02, lab_entry_generic, st_stairs_10,
          lemuel_fruit_tree
Lair:2:   grunt_megastairs_3, infiniplex_staircase_pool
Lair:3:   swamp_mist, grunt_megastairs_2
Lair:4:   lemuel_fruit_fields, lemuel_fruit_fields
Lair:5:   minmay_snake_entry_spellcaster, lemuel_fruit_fields,
          infiniplex_staircase_pool_2
Lair:6:   minivault_27
Lair:7:   hibernation_bobbens
Lair:8:   minmay_lair_end_enchanted_forest, slime_dummy, fungi_pond_lemuel,
          serial_bayou_pond_c
Snake:1:  abandoned_shop, serial_bayou_shore_b, uniq_donald
Snake:2:  uniq_vashnia, uniq_kirke, uniq_aizul
Snake:3:  serial_shops, shop_statue
Orc:1:    serial_shops, nicolae_shop_temple_entry_statues_fountains
Orc:2:    basic_altar, sword_in_stone
Orc:3:    minmay_goldmine, nicolae_orc_pool_cavern
Orc:4:    pubby_orc_utopia, serial_shops, uniq_snorg
Lab:      labyrinth_hidden_loot, nicolae_lab_diamond
Ossuary:  ossuary_minmay_scorpions
IceCv:    ice_cave_caverns_02

Action                   |  1- 3 |  4- 6 |  7- 9 | 10-12 | 13-15 | 16-18 || total
-------------------------+-------+-------+-------+-------+-------+-------++-------
Melee: Unarmed           |    34 |       |       |       |       |       ||    34
       Spear             |    22 |    58 |   324 |    53 |    39 |       ||   496
       Trident           |       |       |    21 |   380 |  1457 |   119 ||  1977
 Fire: Blowgun           |       |       |       |       |     4 |       ||     4
 Cast: Magic Dart        |    77 |    90 |   206 |   273 |   408 |    49 ||  1103
       Dazzling Spray    |       |     5 |    57 |   153 |   502 |    14 ||   731
       Iskenderun's Batt |       |       |       |    76 |   190 |    25 ||   291
       Ozocubu's Armour  |       |       |       |     4 |    48 |    10 ||    62
       Iskenderun's Myst |       |       |       |     3 |    26 |    24 ||    53
       Conjure Flame     |       |       |       |       |     8 |       ||     8
       Confuse           |       |       |       |       |     3 |     1 ||     4
       Mephitic Cloud    |       |       |       |       |    33 |     2 ||    35
       Cause Fear        |       |       |       |       |     2 |     3 ||     5
       Repel Missiles    |       |       |       |       |     1 |       ||     1
       Swiftness         |       |       |       |       |     1 |       ||     1
Invok: Channel Energy    |       |       |       |   163 |   393 |     5 ||   561
Evoke: Wand              |       |       |       |       |    18 |     2 ||    20
       Rod               |       |       |       |       |     4 |       ||     4
  Use: Scroll            |       |     9 |     8 |    14 |    19 |     6 ||    56
       Potion            |       |     2 |     5 |     3 |     3 |     2 ||    15
 Stab: Sleeping          |     4 |     7 |    11 |    12 |    32 |     1 ||    67
       Invisible         |       |     1 |     8 |    39 |   116 |     1 ||   165
       Distracted        |       |     1 |     2 |       |     5 |       ||     8
       Confused          |       |       |       |       |    13 |     1 ||    14
  Eat: Chunk             |     3 |     8 |    15 |    63 |   132 |     4 ||   225
       Royal jelly       |       |       |     2 |     1 |       |     1 ||     4
       Beef jerky        |       |       |     1 |     1 |     4 |     3 ||     9
       Pizza             |       |       |       |     2 |     1 |       ||     3
       Fruit             |       |       |       |       |       |     1 ||     1
